 Dungeon Crawl Stone Soup version 0.30-a0-373-gd37427bb62 (webtiles) character file.

Game seed: 6767834535108805543

12119 purpskrrrp the Brawler (level 11, -2/115 HPs)
             Began as a Troll Monk on Nov 24, 2022.
             Was an Elder of Trog.
             Slain by a brown ugly thing (16 damage)
             ... on level 10 of the Dungeon.
             The game lasted 00:19:28 (7959 turns).

purpskrrrp the Brawler (Troll Monk)                 Turns: 7959, Time: 00:19:29

Health: -2/115     AC: -4    Str: 31    XL:     11   Next: 58%
Magic:  10/10      EV: 10    Int:  6    God:    Trog [****..]
Gold:   44         SH:  0    Dex: 18    Spells: 10/10 levels left

rFire   + . .      SeeInvis .      - Unarmed
rCold   + . .      Faith    .    (no shield)
rNeg    + . .      Spirit   .    x - +2 robe {rN+}
rPois   .          Reflect  .    (helmet restricted)
rElec   .          Harm     .    p - scarf {rC+ rF+}
rCorr   .          Rampage  .    (gloves unavailable)
Will    .....                    (boots unavailable)
Stlth   ++........               (no amulet)
HPRegen 1.19/turn                o - +6 ring of strength
MPRegen 0.12/turn                c - +6 ring of dexterity

@: corroded, on berserk cooldown, slowed, unable to drink, very slow
A: large, unfitting armour, claws 3, regeneration 1, shaggy fur 1, tough skin 1,
iridescent scales 1, mutation resistance 1, inability to drink after injury 1
a: Renounce Religion, Berserk, Trog's Hand, Brothers in Arms


You were on level 10 of the Dungeon.
You worshipped Trog.
Trog was greatly pleased with you.
You visited 1 branch of the dungeon, and saw 10 of its levels.

You collected 445 gold pieces.
You spent 401 gold pieces at shops.

Inventory:

Missiles
 b - 4 throwing nets (quivered)
Armour
 a - a +1 robe
 p - a scarf of resistance (worn)
 u - a +2 cloak
 x - a +2 robe of positive energy (worn)
Jewellery
 c - a +6 ring of dexterity (right claw)
 j - a ring of magical power
 k - a ring of resist corrosion
 o - a +6 ring of strength (left claw)
 s - a +4 ring of slaying
 z - a +6 ring of strength
Wands
 l - a wand of roots (11)
 q - a wand of paralysis (27)
 t - a wand of flame (15)
Scrolls
 y - 3 scrolls of amnesia
 A - 2 scrolls of enchant weapon
 B - a scroll of butterflies
 C - a scroll of silence
 D - 3 scrolls of teleportation
 F - a scroll of magic mapping
Potions
 d - a potion of invisibility
 e - a potion of attraction
 f - 2 potions of magic
 g - 2 potions of curing
 h - 2 potions of haste
 i - 3 potions of heal wounds
 m - a potion of cancellation
 n - a potion of ambrosia
 r - 2 potions of degeneration
 v - 2 potions of brilliance
 w - 2 potions of berserk rage
 E - a potion of flight


   Skills:
 + Level 9.5 Fighting
 - Level 2.4 Dodging
 - Level 1.0 Stealth
 * Level 15.3 Unarmed Combat


You had 10 spell levels left.
You didn't know any spells.
Your spell library contained the following spells:

 Spells                   Type           Power      Damage    Failure   Level
 Magic Dart               Conj           0%         1d3       45%         1
 Call Imp                 Summ           0%         N/A       58%         2
 Mephitic Cloud           Conj/Pois/Air  0%         N/A       83%         3


Dungeon Overview and Level Annotations

Branches:
Dungeon (10/15)            Temple (0/1) D:7            Lair (0/5) D:9
    Orc: D:9-12

Altars:
Ashenzari
Elyvilon
Gozag
Kikubaaqudgha
Okawaru
Sif Muna
Trog
Xom
Zin

Shops:
D:4 !![[*   D:5 [=**   D:10 *


Innate Abilities, Weirdness & Mutations

You are too large for most types of armour.
You have claws for hands.
Your natural rate of healing is unusually fast.
You are covered in fur. (AC +1)
You have tough skin. (AC +1)
You are partially covered in iridescent scales. (AC +2)
You are somewhat resistant to further mutation.
You occasionally lose the ability to drink potions when taking damage.


Message History

The brown ugly thing is severely wounded.
The brown ugly thing tentacle-slaps you.
The acid corrodes you!
You are splashed with acid!
You claw the brown ugly thing!
The brown ugly thing is severely wounded.
The brown ugly thing closely misses you.
You scratch the brown ugly thing but do no damage.
The brown ugly thing is severely wounded.
The brown ugly thing tentacle-slaps you!
You are splashed with acid!
You completely miss the brown ugly thing.
The brown ugly thing is severely wounded.
Your skin stops crawling.
You feel less strong-willed.
The brown ugly thing tentacle-slaps you but does no damage.
You barely miss the brown ugly thing.
The brown ugly thing is severely wounded.
The brown ugly thing closely misses you.
You completely miss the brown ugly thing.
Your claw misses the brown ugly thing.
The brown ugly thing is severely wounded.
The brown ugly thing tentacle-slaps you!
The acid corrodes you!
You are splashed with acid!
You barely miss the brown ugly thing.
The brown ugly thing is severely wounded.
The brown ugly thing tentacle-slaps you.
You are splashed with acid!
You closely miss the brown ugly thing. Your claw misses the brown ugly thing.
The brown ugly thing is severely wounded.
The brown ugly thing tentacle-slaps you!
You feel threatened and lose the ability to drink potions!
The acid corrodes you!
You are splashed with acid!
* * * LOW HITPOINT WARNING * * *
The brown ugly thing tentacle-slaps you!
* * * LOW HITPOINT WARNING * * *
You are splashed with acid!
* * * LOW HITPOINT WARNING * * *
As you read the scroll of butterflies, it crumbles to dust.
You hear the tinkle of a tiny bell.
The brown ugly thing tentacle-slaps you!
You die...

#<..#.c ##g... #.#.
#...#.. uZ..: #.#.
#...#..# #.. . #.#.
#...#b# ##. #..# #...#b#
#..### #...#bb .###..
#...#b# ###....
###...#u# ###......
#.....#@# ###........
#.....#b# ###..........
#.....#b####............
#.....b###..............
#........)..............
#....bb..).|............
#........###'#'#..######
#........#.....#..#
#........#.....#..#


You could see a brown ugly thing (ally target).

Vanquished Creatures
  A two-headed ogre (D:9)
  Pikel (D:6)
  A deep elf pyromancer (D:10)
  An ugly thing (D:10)
  A manticore (D:10)
  An unseen horror (D:10)
  A komodo dragon (D:9)
  3 trolls (D:10)
  3 hornets (D:8)
  Prince Ribbit (D:6)
  4 wyverns
  A human (shapeshifter) (D:10)
  13 yaks (D:10)
  4 vampire mosquitoes (D:6)
  Eustachio (D:6)
  Menkaure (D:7)
  Edmund (D:6)
  A water moccasin (D:6)
  5 orc warriors
  A sky beast (D:6)
  2 black bears
  3 ice beasts
  An ogre (D:3)
  3 centaurs
  2 lemures (D:6)
  A gnoll sergeant (D:10)
  3 kobold brigands
  2 bullfrogs
  4 scorpions
  6 necrophages
  7 wights (D:9)
  9 killer bees
  5 howler monkeys
  A jelly (D:5)
  Crazy Yiuf (D:6)
  2 hounds (D:5)
  4 orc priests
  3 gnoll boudas
  4 iguanas
  An orc wizard (D:9)
  9 adders
  35 gnolls
  3 white imps
  An ufetubus (D:4)
  4 dart slugs
  2 worms (D:2)
  25 orcs
  3 bats
  9 endoplasms
  2 giant cockroaches
  18 goblins
  5 hobgoblins
  9 jackals
  14 kobolds
  3 quokkas
  9 ball pythons
  3 frilled lizards
  3 rats
267 creatures vanquished.

Vanquished Creatures (others)
  A wizard (D:10)
  6 plants (D:9)
7 creatures vanquished.

Grand Total: 274 creatures vanquished

Notes
Turn   | Place    | Note
-------+----------+-------------------------------------------
     0 | D:1      | purpskrrrp the Troll Monk began the quest for the Orb.
     0 | D:1      | Reached XP level 1. HP: 22/22 MP: 0/0
   117 | D:1      | Reached XP level 2. HP: 29/29 MP: 1/1
   472 | D:1      | Reached XP level 3. HP: 34/36 MP: 2/2
   716 | D:2      | Reached skill level 4 in Unarmed Combat
   943 | D:2      | Reached XP level 4. HP: 26/45 MP: 3/3
  1442 | D:3      | Reached skill level 5 in Unarmed Combat
  1448 | D:3      | Reached XP level 5. HP: 14/53 MP: 4/4
  1568 | D:3      | Found a faded altar of an unknown god.
  1741 | D:3      | Noticed an ogre
  1753 | D:3      | Killed an ogre
  1754 | D:3      | Reached XP level 6. HP: 62/62 MP: 5/5
  2148 | D:3      | Prayed at the altar of an unknown god.
  2148 | D:3      | Became a worshipper of Trog the Wrathful
  2148 | D:3      | Reached * piety under Trog
  2148 | D:3      | Reached ** piety under Trog
  2184 | D:4      | Reached skill level 6 in Unarmed Combat
  2199 | D:4      | Found Xedewops's General Store.
  2199 | D:4      | Noticed an ice beast
  2206 | D:4      | Killed an ice beast
  2289 | D:4      | Found Wivvomyg's Distillery.
  2292 | D:4      | Reached *** piety under Trog
  2315 | D:4      | Bought a potion of mutation for 96 gold pieces
  2316 | D:4      | Gained mutation: You occasionally lose the ability to drink
                  | potions when taking damage. [potion of mutation]
  2316 | D:4      | Gained mutation: You are partially covered in iridescent
                  | scales. (AC +2) [potion of mutation]
  2316 | D:4      | Gained mutation: You are somewhat resistant to further
                  | mutation. [potion of mutation]
  2342 | D:4      | Found Udduon's Distillery.
  2370 | D:4      | You fall into a shaft and drop 1 floor!
  2370 | D:5      | Entered Level 5 of the Dungeon
  2463 | D:5      | Found Mage's Assorted Antiques.
  2471 | D:5      | Bought a scroll labelled GODAD ADIVOT for 25 gold pieces
  2693 | D:5      | Reached XP level 7. HP: 70/70 MP: 6/6
  2717 | D:5      | Found Seloollu's Assorted Antiques.
  2848 | D:5      | Reached skill level 7 in Unarmed Combat
  2881 | D:5      | Found Vaojeil's Jewellery Shoppe.
  2976 | D:5      | Found Faonkixut's Antique Armour Boutique.
  3062 | D:5      | Reached skill level 8 in Unarmed Combat
  3064 | D:5      | Reached skill level 5 in Fighting
  3064 | D:5      | Reached XP level 8. HP: 80/80 MP: 7/7
  3066 | D:5      | Found an iron altar of Okawaru.
  3271 | D:4      | Found Wellann's Armour Shop.
  3389 | D:4      | Found Pasexzuo's Antique Armour Shoppe.
  3466 | D:4      | Found a shimmering blue altar of Sif Muna.
  3530 | D:4      | Reached **** piety under Trog
  3613 | D:6      | Noticed Pikel
  3618 | D:6      | Noticed Eustachio
  3623 | D:6      | Paralysed by Pikel for 2 turns
  3632 | D:6      | Killed Pikel
  3633 | D:6      | Reached skill level 9 in Unarmed Combat
  3636 | D:6      | Killed Eustachio
  3645 | D:6      | Reached skill level 10 in Unarmed Combat
  3790 | D:6      | Reached XP level 9. HP: 83/89 MP: 8/8
  3803 | D:6      | Noticed Edmund
  3831 | D:6      | Killed Edmund
  3966 | D:6      | Noticed Prince Ribbit
  3975 | D:6      | Killed Prince Ribbit
  3980 | D:6      | Reached skill level 11 in Unarmed Combat
  4396 | D:6      | Found a runed translucent door.
  4397 | D:6      | Noticed Crazy Yiuf
  4631 | D:6      | Killed Crazy Yiuf
  4786 | D:7      | Found an ancient bone altar of Kikubaaqudgha.
  4796 | D:7      | Reached skill level 12 in Unarmed Combat
  4855 | D:7      | Found a staircase to the Ecumenical Temple.
  5076 | D:7      | Found a broken altar of Ashenzari.
  5077 | D:7      | Found a white marble altar of Elyvilon.
  5112 | D:7      | Noticed Menkaure
  5116 | D:7      | Killed Menkaure
  5117 | D:7      | Reached XP level 10. HP: 82/102 MP: 9/9
  5504 | D:8      | Paralysed by a hornet for 2 turns
  5663 | D:8      | Found an opulent altar of Gozag.
  5972 | D:9      | Reached skill level 13 in Unarmed Combat
  6103 | D:9      | Noticed a two-headed ogre
  6111 | D:9      | Killed a two-headed ogre
  6190 | D:9      | Found a staircase to the Lair.
  6645 | D:10     | Entered Level 10 of the Dungeon
  6661 | D:10     | Reached skill level 14 in Unarmed Combat
  6686 | D:10     | Reached XP level 11. HP: 103/113 MP: 10/10
  6737 | D:10     | Found a glowing silver altar of Zin.
  6741 | D:10     | Reached ***** piety under Trog
  6742 | D:10     | Found Zin's Purification Station.
  6858 | D:10     | Found a shimmering altar of Xom.
  7066 | D:10     | Received a gift from Trog
  7256 | D:10     | Noticed a wizard
  7256 | D:10     | Noticed a white ugly thing
  7257 | D:10     | Noticed a centaur warrior
  7257 | D:10     | Noticed a deep elf pyromancer
  7258 | D:10     | Noticed a cyan ugly thing
  7263 | D:10     | Noticed a centaur warrior
  7267 | D:10     | Killed a wizard
  7268 | D:10     | Reached skill level 15 in Unarmed Combat
  7269 | D:10     | Noticed a six-headed hydra
  7458 | D:4      | Bought an embroidered scarf for 192 gold pieces
  7458 | D:4      | Bought a runed robe for 88 gold pieces
  7842 | D:10     | Killed a deep elf pyromancer
  7949 | D:10     | Killed a white ugly thing
  7959 | D:10     | Slain by a brown ugly thing

Illustrated notes

Levels and vault maps discovered:
D:1:      mrwooster_arrival_statue, layout_loops_ring
D:2:      layout_loops_ring
D:3:      layout_basic, chequers_ecumenical_altar_simple_redux,
          minmay_ogre_servants
D:4:      layout_basic, kennysheep_mini, serial_shops, nicolae_shop_trees,
          nicolae_shop_waterfront, shop, shop, shop, minmay_unequal
D:5:      layout_rooms, okawaru_metal_pillars_1_2, serial_shops,
          nicolae_shop_competitors_out_of_business,
          nicolae_shop_competitors_out_of_business, nicolae_shop_hallway_plus,
          nicolae_shop_hallway_plus, grunt_decor_mini_mirrors
D:6:      layout_basic, uniq_eustachio, uniq_pikel, uniq_crazy_yiuf_cottage,
          uniq_edmund, uniq_prince_ribbit1
D:7:      layout_basic, chequers_temple_overflow_statue_of_worship,
          minmay_temple_entry_slanted, uniq_menkaure
D:8:      layout_rooms, grunt_gozag_breadcrumbs
D:9:      layout_stronghold, david_lair_shrubbed
D:10:     minmay_the_grid_triangle_9x9_recursive_2_mashed
          [minmay_the_grid_triangle_9x9_prize_insulated,
          minmay_the_grid_triangle_9x9_cache,
          minmay_the_grid_triangle_9x9_warning,
          minmay_the_grid_triangle_9x9_flanged_cone], layout_irregular_city,
          general_overflow_altar, zin_purify

Skill      XL: |  1  2  3  4  5  6  7  8  9 10 11 |
---------------+----------------------------------+-----
Unarmed Combat | 4 5 6 8 10 12 14 15 | 15.3
Fighting       | 3 4 5 6 7 8 9 |  9.5
Dodging        | |  2.4
Stealth        | |  1.0

Action                   |  1- 3 |  4- 6 |  7- 9 | 10-12 || total
-------------------------+-------+-------+-------+-------++-------
Melee: Unarmed           |   101 |   119 |   202 |   217 ||   639
       Punch             |     2 |     4 |    12 |    16 ||    34
Throw: Throwing net      |       |       |       |     1 ||     1
Invok: Berserk           |       |       |     5 |     6 ||    11
       Trog's Hand       |       |       |     4 |     5 ||     9
       Brothers in Arms  |       |       |       |     1 ||     1
  Use: Scroll            |     2 |    10 |     2 |    13 ||    27
       Potion            |     1 |     3 |       |     2 ||     6
 Stab: Sleeping          |     2 |     4 |     2 |     2 ||    10
       Distracted        |       |       |       |     1 ||     1
Armor: Robe              |    30 |    29 |    53 |    85 ||   197
Dodge: Dodged            |    51 |    65 |    87 |   131 ||   334

Table legend: (Time is in decaauts)
 A = Elapsed time spent in this place.
 B = Non-inter-level travel time spent in this place.
 C = Inter-level travel time spent in this place.
 D = Time resting spent in this place.
 E = Time spent auto-exploring this place.
 F = Levels seen in this place.
 G = Mean time per level.
                   A        B        C        D        E       F      G
               +--------+--------+--------+--------+--------+-----+--------+
         Total |   7982 |   7367 |    615 |    561 |   5235 |  10 |  798.2 |
       Dungeon |   7982 |   7367 |    615 |    561 |   5235 |  10 |  798.2 |
               +--------+--------+--------+--------+--------+-----+--------+

Top non-repeatable levels by time:
     D:6: 1133 daAuts
     D:9: 1125 daAuts
     D:5: 880 daAuts
     D:3: 816 daAuts
    D:10: 791 daAuts
     D:2: 762 daAuts
     D:7: 659 daAuts
     D:4: 609 daAuts
     D:8: 609 daAuts
     D:1: 595 daAuts
